 Dungeon Crawl Stone Soup version 0.24.0-7-gb3623d2c88 (webtiles) character file.

Game seed: 6364995873321494962, levelgen mode: deterministic

6884 Brecoman the Nimble (level 11, -2/68 HPs)
             Began as a Tengu Air Elementalist on Nov 2, 2019.
             Was an Elder of Okawaru.
             Slain by a cyan ugly thing (14 damage)
             ... on level 10 of the Dungeon.
             The game lasted 00:46:45 (12685 turns).

Brecoman the Nimble (Tengu Air Elementalist)       Turns: 12685, Time: 00:46:45

Health: -2/68      AC:  8    Str: 10    XL:     11   Next: 6%
Magic:  16/32      EV: 20    Int: 17    God:    Okawaru [****..]
Gold:   510        SH:  0    Dex: 15    Spells: 15/25 levels left

rFire    . . .     SeeInvis .   H - +4 lajatang
rCold    . . .     Gourm    .   (shield currently unavailable)
rNeg     + . .     Faith    .   B - +3 leather armour {rPois}
rPois    +         Spirit   .   (helmet restricted)
rElec    .         Reflect  .   E - +0 cloak
rCorr    .         Harm     .   y - +0 pair of gloves
MR       .....                  (boots unavailable)
Stlth    ++........             a - amulet of regeneration (curse)
HPRegen  0.61/turn              h - ring of magical power
MPRegen  0.23/turn              d - ring of positive energy

@: flying quickly and evasively, quick
A: beak, talons 3, able to fly
a: Stop Flying, Heroism, Renounce Religion


You were on level 10 of the Dungeon.
You worshipped Okawaru.
Okawaru was greatly pleased with you.
You were very hungry.

You visited 1 branch of the dungeon, and saw 10 of its levels.

You collected 510 gold pieces.

Inventory:

Hand Weapons
 H - a +4 lajatang (weapon)
Missiles
 b - 117 stones (quivered)
 l - 12 sling bullets
Armour
 v - a +1 scale mail of fire resistance
 y - a +0 pair of gloves (worn)
 B - a +3 leather armour of poison resistance (worn)
 E - a +0 cloak (worn)
Jewellery
 a - a cursed amulet of regeneration (around neck)
 d - a ring of positive energy (right hand)
 h - a ring of magical power (left hand)
 q - an uncursed ring of magical power
 J - an uncursed ring of protection from magic
Wands
 n - a wand of iceblast (6)
 F - a wand of acid (12)
Scrolls
 j - 2 scrolls of fear
 k - a scroll of enchant weapon
 m - a scroll of magic mapping {unknown}
 o - 3 scrolls of remove curse
 s - 4 scrolls of identify
 t - 3 scrolls of teleportation
 x - a scroll of summoning {unknown}
 C - a scroll of holy word {unknown}
 K - a scroll of enchant armour {unknown}
Potions
 e - 8 potions of degeneration {unknown}
 g - a potion of flight {unknown}
 i - a potion of cancellation {unknown}
 p - 3 potions of brilliance {unknown}
 r - 3 potions of lignification {unknown}
 u - a potion of agility {unknown}
 w - a potion of heal wounds
 z - a potion of haste {unknown}
 A - a potion of resistance
 D - a potion of invisibility {unknown}
 G - a potion of mutation {unknown}
 I - 4 potions of curing {unknown}
Comestibles
 c - 16 rations
 f - 4 chunks of flesh


   Skills:
 + Level 7.9 Fighting
 + Level 7.6 Staves
   Level 0.6 Slings
 + Level 8.1 Dodging
 - Level 2.0 Stealth
 + Level 7.6 Spellcasting
 - Level 7.0 Conjurations
 - Level 7.0 Air Magic


You had 15 spell levels left.
You knew the following spells:

 Your Spells              Type           Power        Failure   Level  Hunger
a - Shock                 Conj/Air       ####         1%          1    None
b - Swiftness             Chrm/Air       ###.....     5%          2    None
c - Static Discharge      Conj/Air       ####....     2%          3    ##.....
d - Airstrike             Air            ####......   9%          4    ####...

Your spell library contained the following spells:

 Spells                   Type           Power        Failure   Level  Hunger
 Animate Skeleton         Necr           N/A          16%         1    None
 Apportation              Tloc           #.....       16%         1    None
 Confusing Touch          Hex            #.....       16%         1    None
 Summon Small Mammal      Summ           #...         16%         1    None
 Lightning Bolt           Conj/Air       ####......   22%         5    #####..


Dungeon Overview and Level Annotations

Branches:
Dungeon (10/15)            Temple (0/1) D:7            Lair (0/6) D:9
    Orc: D:9-12

Altars:
Ashenzari
Gozag
Nemelex Xobeh
Okawaru
Qazlal
Ru
Sif Muna
Trog
Wu Jian
The Shining One
Beogh

Shops:
D:4 *   D:7 [

Annotations:
D:5 5 runed translucent doors
D:9 1 runed translucent door
D:10 Fannar


Innate Abilities, Weirdness & Mutations

You have a beak for a mouth.
You have claws for feet.
You can fly continuously.


Message History

There is a stone staircase leading up here.
You slash the cyan ugly thing! Your peck misses the cyan ugly thing.
The cyan ugly thing is lightly wounded.
The cyan ugly thing closely misses you.
You slash the cyan ugly thing! Your kick misses the cyan ugly thing.
The cyan ugly thing is moderately wounded.
The cyan ugly thing closely misses you.
You closely miss the cyan ugly thing.
The cyan ugly thing is moderately wounded.
The cyan ugly thing tail-slaps you! The cyan ugly thing shocks you!
You barely miss the cyan ugly thing. You claw the cyan ugly thing.
The cyan ugly thing is moderately wounded.
The cyan ugly thing tail-slaps you but does no damage.
You barely miss the cyan ugly thing. Your kick misses the cyan ugly thing.
The cyan ugly thing is moderately wounded.
The cyan ugly thing tail-slaps you. The cyan ugly thing shocks you!
The cyan ugly thing tail-slaps you!
* * * LOW HITPOINT WARNING * * *
The cyan ugly thing shocks you!
You die...

... #.(.#######..#
#.#
#...'........####
#.#
##u..########.#...
# #.###...##
#.###.#...
#.#.##..###
#...#.#.#.
#.#.#..#####
#.#.#.#.#.
#...........#
#.#...#...
###[#######.#
#......... #.#
#@u.# ###.....##
#.#####.# #.######
#.......# #.....#
######### #####.#
....^...#
#########


You could see a cyan ugly thing.

Vanquished Creatures
  Pikel (D:6)
  A cyclops (D:9)
  A centaur zombie (D:10)
  A komodo dragon (D:9)
  A troll (D:10)
  2 hippogriffs
  8 yaks
  A spriggan (D:8)
  Eustachio (D:3)
  2 wyverns
  A hungry ghost (D:9)
  Menkaure (D:7)
  A sky beast (D:8)
  3 ice beasts
  A slave (D:6)
  An orc warrior (D:8)
  2 phantoms
  A necrophage (D:8)
  2 ogres
  2 centaurs
  A big kobold (D:8)
  2 bullfrogs
  A wyvern zombie (D:9)
  8 killer bees
  2 crimson imps
  A bullfrog zombie (D:10)
  A hound (D:9)
  A jelly (D:8)
  Crazy Yiuf (D:6)
  8 orc priests
  4 orc wizards
  2 iguanas
  7 worker ants
  10 gnolls
  A howler monkey skeleton (D:8)
  13 adders
  2 shadow imps
  An ooze (D:3)
  An adder skeleton (D:3)
  A worm (D:2)
  2 dart slugs
  4 leopard geckos
  51 orcs
  5 bats
  5 giant cockroaches
  7 goblins
  9 hobgoblins
  17 jackals
  7 quokkas
  2 ball pythons (D:2)
  3 frilled lizards
  6 kobolds
  A leopard gecko skeleton (D:6)
  3 rats
224 creatures vanquished.

Vanquished Creatures (others)
  5 plants (D:9)
5 creatures vanquished.

Grand Total: 229 creatures vanquished

Notes
Turn   | Place    | Note
-------+----------+-------------------------------------------
     0 | D:1      | Brecoman the Tengu Air Elementalist began the quest for the
                  | Orb.
     0 | D:1      | Reached XP level 1. HP: 10/10 MP: 4/4
   728 | D:1      | Reached XP level 2. HP: 14/15 MP: 6/6
  1251 | D:2      | Reached XP level 3. HP: 18/20 MP: 7/7
  1587 | D:2      | Reached skill level 1 in Fighting
  1660 | D:2      | Reached skill level 5 in Air Magic
  1823 | D:2      | Reached XP level 4. HP: 25/25 MP: 8/8
  1830 | D:2      | Found an ornate altar of the Wu Jian Council.
  3049 | D:3      | Gained mutation: You can fly continuously. [Tengu growth]
  3049 | D:3      | Reached XP level 5. HP: 30/30 MP: 10/10
  3330 | D:3      | Learned a level 2 spell: Swiftness
  3334 | D:3      | Learned a level 3 spell: Static Discharge
  3538 | D:3      | Reached XP level 6. HP: 28/36 MP: 11/11
  4260 | D:4      | Noticed a phantom
  4498 | D:4      | Found Xiojux's General Store.
  4598 | D:4      | Found a stormy altar of Qazlal.
  5173 | D:3      | Killed a phantom
  5173 | D:3      | Reached XP level 7. HP: 27/41 MP: 13/13
  5318 | D:4      | Noticed Eustachio
  5552 | D:3      | Killed Eustachio
  6048 | D:5      | Entered Level 5 of the Dungeon
  6366 | D:5      | Found a runed translucent gate.
  6373 | D:5      | Found a runed translucent gate.
  6373 | D:5      | Found a runed translucent door.
  6380 | D:5      | Found the +9 staff of Olgreb {rPois}
  6383 | D:5      | Found a runed translucent door.
  6518 | D:5      | Found a glowing golden altar of the Shining One.
  6652 | D:5      | Noticed a soldier ant
  6654 | D:5      | Found a runed translucent gate.
  6654 | D:5      | Noticed a soldier ant
  6654 | D:5      | Noticed a soldier ant
  6654 | D:5      | Noticed a soldier ant
  7002 | D:6      | Reached skill level 5 in Conjurations
  7196 | D:5      | Reached skill level 1 in Staves
  7408 | D:5      | Learned a level 4 spell: Airstrike
  7439 | D:5      | Reached skill level 3 in Dodging
  7439 | D:5      | Reached XP level 8. HP: 35/48 MP: 15/15
  7523 | D:6      | Noticed Pikel
  7770 | D:6      | Found an iron altar of Okawaru.
  7778 | D:6      | Became a worshipper of Warmaster Okawaru
  7879 | D:6      | Found a runed translucent door.
  7880 | D:6      | Noticed Crazy Yiuf
  8254 | D:6      | Killed Pikel
  8254 | D:6      | Reached skill level 4 in Dodging
  8254 | D:6      | Reached skill level 5 in Spellcasting
  8464 | D:6      | Killed Crazy Yiuf
  8586 | D:7      | Found Otaenat's Armour Boutique.
  8660 | D:7      | Noticed Menkaure
  8668 | D:7      | Killed Menkaure
  8668 | D:7      | Reached skill level 5 in Fighting
  8668 | D:7      | Reached XP level 9. HP: 53/54 MP: 14/17
  8719 | D:7      | Found a sacrificial altar of Ru.
  8790 | D:7      | Found a staircase to the Ecumenical Temple.
  8824 | D:7      | Reached * piety under Okawaru
  9134 | D:8      | Found a sparkling altar of Nemelex Xobeh.
  9349 | D:8      | Found a shimmering blue altar of Sif Muna.
  9385 | D:8      | Reached skill level 5 in Dodging
  9730 | D:8      | Reached ** piety under Okawaru
  9768 | D:8      | Found a shattered altar of Ashenzari.
  9810 | D:8      | Reached skill level 5 in Staves
  9871 | D:8      | Found a sacrificial altar of Ru.
 10074 | D:8      | Found a bloodstained altar of Trog.
 10367 | D:8      | Reached skill level 6 in Dodging
 10396 | D:8      | Found a roughly hewn altar of Beogh.
 10580 | D:9      | Reached XP level 10. HP: 61/61 MP: 9/20
 10605 | D:9      | Reached *** piety under Okawaru
 10784 | D:9      | Noticed a cyclops
 11019 | D:9      | Reached skill level 7 in Dodging
 11098 | D:9      | Found a staircase to the Lair.
 11176 | D:9      | Killed a cyclops
 11341 | D:9      | Found an opulent altar of Gozag.
 11667 | D:9      | Found a glowing golden altar of the Shining One.
 11668 | D:9      | Found a runed translucent door.
 11668 | D:9      | Noticed an angel
 11836 | D:10     | Entered Level 10 of the Dungeon
 11881 | D:10     | Noticed Fannar
 12015 | D:10     | Reached **** piety under Okawaru
 12626 | D:10     | Noticed a cyan ugly thing
 12667 | D:10     | Reached skill level 8 in Dodging
 12667 | D:10     | Reached XP level 11. HP: 64/68 MP: 12/23
 12685 | D:10     | Slain by a cyan ugly thing

Levels and vault maps discovered:
D:1:      dpeg_arrival_castle, layout_basic, solitary_fountain
D:2:      layout_basic, lemuel_coloured_pillars_altar, nrook_mini_vaults
D:3:      layout_loops_cross
D:4:      layout_rooms, nicolae_qazlal_eye_of_the_storm, serial_shops, shop,
          first_ration, uniq_eustachio
D:5:      layout_basic, old_standard_altar,
          minmay_guarded_unrand_staff_of_olgreb
D:6:      minmay_skewed_foursquare, layout_rooms, okawaru_trees_1, uniq_pikel,
          uniq_crazy_yiuf_cottage
D:7:      layout_loops_ring, nicolae_ru_awakened_eye,
          minmay_temple_entry_purple_smoke, serial_shops, shop, uniq_menkaure
D:8:      layout_gridville, lightli_temple_of_fire,
          nemelex_xobeh_ov_fountains_minmay, ashenzari_altar_1, special_room
          [special_room_orc], basic_altar, the_bakery, led_sif_pool
D:9:      layout_roguey, nicolae_overflow_hidden_temple, david_lair_shrubbed,
          lemuel_angel_altar
D:10:     minmay_general_purpose_star, layout_basic, serial_shops, shop, shop,
          eino_curves_04, minmay_fractal_squares_diagonal_5, uniq_fannar

Skill      XL: |  1  2  3  4  5  6  7  8  9 10 |
---------------+-------------------------------+-----
Conjurations   | 2 3 4 5 6 7 |  7.0
Fighting       | 1 2 3 4 5 6 7 |  7.9
Air Magic      | 5 6 7 |  7.0
Spellcasting   | 3 4 5 6 7 |  7.6
Staves         | 1 3 5 7 |  7.6
Dodging        | 3 4 6 8 |  8.1
Slings         | |  0.6
Stealth        | |  2.0

Action                   |  1- 3 |  4- 6 |  7- 9 | 10-12 || total
-------------------------+-------+-------+-------+-------++-------
Melee: Spear             |       |    56 |    38 |       ||    94
       Peck              |       |     6 |    26 |    13 ||    45
       Kick              |       |    10 |    42 |    16 ||    68
       Lajatang          |       |       |   171 |    76 ||   247
 Fire: Hunting sling     |    46 |     9 |       |       ||    55
Throw: Stone             |     4 |       |       |       ||     4
 Cast: Shock             |    29 |    92 |    32 |    10 ||   163
       Airstrike         |       |       |    59 |    59 ||   118
Invok: Heroism           |       |       |       |     1 ||     1
 Abil: Fly               |       |       |     1 |       ||     1
  Use: Scroll            |       |       |    12 |       ||    12
 Stab: Sleeping          |       |       |     3 |     1 ||     4
  Eat: Chunk             |     3 |    11 |    25 |     8 ||    47
       Ration            |       |       |       |     2 ||     2
Armor: Robe              |     6 |     2 |       |       ||     8
       Leather armour    |       |     5 |    54 |    13 ||    72
       Scale mail        |       |    15 |     4 |       ||    19
Dodge: Dodged            |    28 |    45 |   221 |    72 ||   366
